 Dungeon Crawl Stone Soup version 0.21.1-1-g345015f (webtiles) character file.

5054 microfolk the Martial Artist (level 10, -4/88 HPs)
             Began as a Yellow Draconian Transmuter on May 6, 2018.
             Was an Initiate of Fedhas.
             Slain by a two-headed ogre
             ... wielding a cursed -2 giant spiked club
              (32 damage)
             ... on level 8 of the Dungeon.
             The game lasted 00:32:34 (12025 turns).

microfolk the Martial Artist (DrTm)                Turns: 12025, Time: 00:32:34

Health: -4/88      AC:  5    Str: 12    XL:     10   Next: 31%
Magic:  9/14       EV: 19    Int: 16    God:    Fedhas [......]
Gold:   433        SH:  0    Dex: 18    Spells: 5/15 levels left

rFire    . . .     SeeInvis .     - Unarmed
rCold    . . .     Gourm    .   (shield currently unavailable)
rNeg     . . .     Faith    .   (armour unavailable)
rPois    x         Spirit   .   (helmet currently unavailable)
rElec    .         Reflect  .   (cloak currently unavailable)
rCorr    .         Harm     .   (gloves currently unavailable)
MR       .....                  (boots currently unavailable)
Stlth    ++........             (no amulet)
HPRegen  0.24/turn              e - ring of wizardry
MPRegen  0.14/turn              D - +3 ring of protection

@: spider-form
A: tiny, (spit acid), (acid resistance), unfitting armour, AC +7
a: End Transformation, Fungal Bloom, Renounce Religion


You were on level 8 of the Dungeon.
You worshipped Fedhas.
Fedhas was noncommittal.
You were hungry.
You were a venomous arachnid creature.
You visited 2 branches of the dungeon, and saw 9 of its levels.

You collected 459 gold pieces.
You spent 26 gold pieces at shops.

Inventory:

Hand Weapons
 b - a +3 blowgun (melded)
Missiles
 a - 120 arrows
 g - 194 stones (quivered)
 h - 6 javelins
 w - 75 poisoned needles
 F - 6 needles of confusion
Armour
 s - a +1 shield
 t - a +0 buckler
 N - a +0 cloak (melded)
Jewellery
 e - a ring of wizardry (left front leg)
 f - a +4 ring of strength
 q - a +3 ring of dexterity
 z - an uncursed ring of ice
 D - a +3 ring of protection (right front leg)
Wands
 r - a wand of iceblast (19)
 y - a wand of disintegration (7)
 L - a wand of random effects (18)
Scrolls
 i - a scroll of blinking
 j - 3 scrolls of amnesia
 l - 6 scrolls of teleportation
 o - a scroll of noise {unknown}
 p - a scroll of enchant armour
 A - a scroll of fear {unknown}
 G - 2 scrolls of remove curse
 I - a scroll of identify
 K - a scroll of random uselessness {unknown}
Potions
 d - a potion of berserk rage
 k - 4 potions of resistance
 m - 8 potions of curing
 n - 3 potions of flight
 u - 2 potions of might
 x - a potion of lignification
 B - a potion of heal wounds
 C - 2 potions of haste
 H - a potion of invisibility
Books
 v - a book of Changes

   Spells                             Type                      Level
   a - Beastly Appendage              Transmutation                1
   b - Sticks to Snakes               Transmutation                2
   c - Spider Form                    Transmutation/Poison         3
   d - Ice Form                       Ice/Transmutation            4
   e - Blade Hands                    Transmutation                5
 J - a book of Debilitation

   Spells                             Type                      Level
   a - Corona                         Hexes                        1
   b - Slow                           Hexes                        2
   c - Inner Flame                    Hexes/Fire                   3
   d - Portal Projectile              Hexes/Translocation          3
   e - Cause Fear                     Hexes                        4
   f - Leda's Liquefaction            Hexes/Earth                  4
 M - a book of Minor Magic

   Spells                             Type                      Level
   a - Magic Dart                     Conjuration                  1
   b - Blink                          Translocation                2
   c - Call Imp                       Summoning                    2
   d - Slow                           Hexes                        2
   e - Conjure Flame                  Conjuration/Fire             3
   f - Mephitic Cloud                 Conjuration/Poison/Air       3
Comestibles
 c - 3 rations


   Skills:
 + Level 7.8 Fighting
 - Level 1.7 Dodging
 * Level 9.3 Unarmed Combat
 - Level 3.1 Spellcasting
 + Level 7.6 Transmutations
 - Level 6.1 Ice Magic
 - Level 2.1 Poison Magic


You had 5 spell levels left.
You knew the following spells:

 Your Spells              Type           Power        Failure   Level  Hunger
a - Beastly Appendage     Tmut           ####..       1%          1    None
b - Sticks to Snakes      Tmut           ####....     2%          2    ##.....
c - Spider Form           Tmut/Pois      ###.......   9%          3    ###....
d - Ice Form              Ice/Tmut       ###.....     11%         4    ####...


Dungeon Overview and Level Annotations

Branches:
Dungeon (8/15)             Temple (1/1) D:5
   Lair: D:8-11

Altars:
Cheibriados
Dithmenos
Fedhas
Gozag
Hepliaklqana
Kikubaaqudgha
Makhleb
Ru
Sif Muna
Trog
Uskayaw
Vehumet
Wu Jian
Xom
Yredelemnul
Zin
The Shining One

Shops:
D:5 ?

Annotations:
D:2 exclusion: downstairs
D:3 appiemonkey's ghost, amateur MiFi
D:4 exclusion: 2 downstairs


Innate Abilities, Weirdness & Mutations

((You can spit globs of acid.))
((You are resistant to acid.))
((Your golden yellow scales are hard. (AC +7)))
You cannot fit into any form of body armour.
((You are cold-blooded and may be slowed by cold attacks.))


Message History

The centaur completely misses you.
The two-headed ogre hits you with a giant spiked club!!
The two-headed ogre barely misses you.
Casting: Spider Form
Confirm with . or Enter, or press ? or * to list all spells.
You create a snake!
You now have 121 arrows.
The centaur misses you. The centaur closely misses you.
The two-headed ogre misses you. The two-headed ogre closely misses you.
Your ball python bites the centaur.
The centaur completely misses you.
Casting: Sticks to Snakes
Confirm with . or Enter, or press ? or * to list all spells.
You create a snake!
You now have 120 arrows.
You are feeling hungry.
The centaur hits you from afar with a scythe.
The two-headed ogre barely misses you. The two-headed ogre misses you.
Your ball python closely misses the centaur.
The centaur closely misses you.
The two-headed ogre hits you with a giant spiked club!!
You die...
Fedhas appreciates your contribution to the ecosystem.

###.##.##.# ##.#.....##
#.........# #..#.###)###
#.#...#.### ##....#
#...# #...#.# #...###
###.# #...#(# #..##
###... #...((# ##.##
#..... #....(### #..#
#.#.#. ####..(.####..#
#..... #..(..Os....##
#.#.#. #..(.c#.###.#
#..... #..(...S..#...
#######.
#(....#.#...##..........
#.<.........# ########.
#.....#.#..## ##
....##......# #
?.....###....##
#.#.##... .(...#


You could see a two-headed ogre, a centaur and a friendly ball python.

Vanquished Creatures
  A two-headed ogre (D:8)
  Pikel (D:7)
  Maurice (D:8)
  The ghost of MordorOrchid the Digger, a novice FoEE (D:5)
  A hippogriff (D:7)
  2 sky beasts
  3 slaves
  An ice beast (D:5)
  3 ogres
  2 centaurs (D:7)
  A big kobold (D:7)
  Blork the orc (D:4)
  3 bullfrogs (D:6)
  A gnoll sergeant (D:8)
  A water moccasin skeleton (D:5)
  8 scorpions
  8 killer bees (D:7)
  A howler monkey (D:6)
  A crimson imp (D:6)
  4 hounds
  2 orc wizards
  An orc priest (D:7)
  A centaur skeleton (D:8)
  2 iguanas
  4 worker ants
  5 gnolls
  9 adders
  3 shadow imps
  2 oozes
  An adder skeleton (D:4)
  2 dart slugs
  6 leopard geckos
  9 orcs
  6 giant cockroaches
  7 goblins
  7 hobgoblins
  4 jackals (D:1)
  7 quokkas
  3 ball pythons
  4 bats
  5 frilled lizards
  8 kobolds
  2 quokka skeletons (D:5)
  A quokka zombie (D:6)
  7 rats
153 creatures vanquished.

Vanquished Creatures (collateral kills)
  The ghost of RudyRod the Carver, a novice FoFi of Okawaru (D:7)
  Grinder (D:4)
  Prince Ribbit (D:7)
  Eustachio (D:5)
  Menkaure (D:5)
  An ogre (D:7)
  A scorpion (D:7)
  A killer bee (D:7)
  2 adders (D:2)
  A bat (D:2)
11 creatures vanquished.

Vanquished Creatures (others)
  4 wandering mushrooms
  A slave (D:7)
  40 toadstools
45 creatures vanquished.

Grand Total: 209 creatures vanquished

Notes
Turn   | Place    | Note
-------+----------+-------------------------------------------
     0 | D:1      | microfolk the Draconian Transmuter began the quest for the Orb.
     0 | D:1      | Reached XP level 1. HP: 16/16 MP: 3/3
   280 | D:1      | Reached XP level 2. HP: 15/23 MP: 3/5
   284 | D:1      | Learned a level 2 spell: Sticks to Snakes
  1027 | D:1      | Reached XP level 3. HP: 21/29 MP: 4/6
  1032 | D:1      | Learned a level 3 spell: Spider Form
  1558 | D:2      | Found a glowing silver altar of Zin.
  1558 | D:2      | Found a shadowy altar of Dithmenos.
  1696 | D:2      | Found a sacrificial altar of Ru.
  1714 | D:2      | Reached XP level 4. HP: 34/36 MP: 7/7
  1887 | D:2      | Reached skill level 1 in Poison Magic
  3031 | D:2      | Reached XP level 5. HP: 13/42 MP: 6/9
  3285 | D:2      | Found a shimmering altar of Xom.
  4037 | D:3      | Noticed appiemonkey's ghost (amateur MiFi)
  4234 | D:4      | Noticed an ogre
  4256 | D:4      | Killed an ogre
  4256 | D:4      | Reached skill level 4 in Unarmed Combat
  4256 | D:4      | Reached XP level 6. HP: 29/50 MP: 1/10
  4387 | D:4      | Learned a level 4 spell: Ice Form
  4616 | D:4      | Noticed Grinder
  4654 | D:4      | Killed Grinder
  4654 | D:4      | Reached skill level 1 in Ice Magic
  5066 | D:4      | Noticed Blork the orc
  5083 | D:4      | Killed Blork the orc
  5083 | D:4      | Your scales start taking on a golden yellow colour.
  5083 | D:4      | Reached XP level 7. HP: 48/57 MP: 7/11
  5776 | D:5      | Entered Level 5 of the Dungeon
  6069 | D:5      | Found a staircase to the Ecumenical Temple.
  6096 | Temple   | Entered the Ecumenical Temple
  6205 | Temple   | Became a worshipper of Fedhas Madash
  6302 | D:5      | Noticed Menkaure
  6310 | D:5      | Noticed MordorOrchid's ghost (novice FoEE)
  6319 | D:5      | Killed Menkaure
  6472 | D:5      | Found Taocrubb's Magic Scroll Shop.
  6893 | D:5      | Noticed Eustachio
  6968 | D:5      | Reached skill level 5 in Unarmed Combat
  7428 | D:5      | Reached XP level 8. HP: 67/67 MP: 10/12
  7454 | D:5      | Bought a scroll of identify for 26 gold pieces
  8016 | D:6      | Reached skill level 5 in Transmutations
  8252 | D:6      | Reached skill level 5 in Fighting
  8252 | D:6      | Reached skill level 5 in Ice Magic
  9055 | D:5      | Killed MordorOrchid's ghost
  9055 | D:5      | Reached skill level 6 in Unarmed Combat
  9055 | D:5      | Reached XP level 9. HP: 73/75 MP: 3/13
  9160 | D:5      | Killed Eustachio
  9551 | D:7      | Noticed Pikel
  9594 | D:7      | Reached * piety under Fedhas
  9715 | D:7      | Killed Pikel
  9715 | D:7      | Reached skill level 7 in Unarmed Combat
 10178 | D:7      | Noticed Prince Ribbit
 10206 | D:7      | Killed Prince Ribbit
 10484 | D:7      | Noticed RudyRod's ghost (novice FoFi)
 10536 | D:7      | Killed RudyRod's ghost
 10536 | D:7      | Reached skill level 8 in Unarmed Combat
 11056 | D:7      | Reached XP level 10. HP: 75/86 MP: 9/14
 11535 | D:8      | Noticed Maurice
 11543 | D:8      | Killed Maurice
 11764 | D:8      | Noticed a two-headed ogre
 11800 | D:8      | Killed a two-headed ogre
 11800 | D:8      | Reached skill level 9 in Unarmed Combat
 12000 | D:8      | Noticed a two-headed ogre
 12025 | D:8      | Slain by a two-headed ogre

Skill      XL: |  1  2  3  4  5  6  7  8  9 10 |
---------------+-------------------------------+-----
Fighting       | 2 3 4 5 7 |  7.8
Transmutations | 3 4 5 7 |  7.6
Poison Magic   | 1 2 |  2.1
Unarmed Combat | 4 5 6 8 9 |  9.3
Spellcasting   | 3 |  3.1
Ice Magic      | 2 4 6 |  6.1
Dodging        | |  1.7

Action                   |  1- 3 |  4- 6 |  7- 9 | 10-12 || total
-------------------------+-------+-------+-------+-------++-------
Melee: Unarmed           |   111 |   141 |   259 |    31 ||   542
       Tailslap          |    10 |     8 |    15 |     1 ||    34
       Headbutt          |     5 |     5 |     5 |       ||    15
       Kick              |     2 |     9 |    10 |       ||    21
       Punch             |     1 |     2 |     4 |     1 ||     8
 Fire: Blowgun           |       |    12 |    60 |    10 ||    82
Throw: Stone             |     1 |     6 |       |       ||     7
 Cast: Beastly Appendage |    25 |    28 |    25 |       ||    78
       Sticks to Snakes  |       |    16 |    18 |     2 ||    36
       Spider Form       |       |     6 |    19 |     3 ||    28
       Ice Form          |       |       |     9 |     2 ||    11
Invok: Fungal Bloom      |       |       |    22 |     3 ||    25
       Evolution         |       |       |     4 |       ||     4
 Abil: Breathe Acid      |       |       |     4 |       ||     4
Evoke: Wand              |       |       |       |     8 ||     8
  Use: Scroll            |       |     4 |     7 |     5 ||    16
 Stab: Sleeping          |       |     3 |       |       ||     3
       Distracted        |       |       |     1 |       ||     1
       Confused          |       |       |     1 |       ||     1
  Eat: Chunk             |     3 |    10 |     6 |     1 ||    20
       Ration            |       |     1 |     5 |     1 ||     7
Armor: Skin              |    53 |    43 |    75 |    12 ||   183
Dodge: Dodged            |    86 |    84 |   211 |    33 ||   414
